 Dungeon Crawl Stone Soup version 0.32-a0-136-gc02482bde3 (webtiles) character file.

Game seed: 363771754493860754

118 Asceticacid the Shield-Bearer (level 5, 0/47 HPs)
             Began as a Gnoll Fighter on Feb 10, 2024.
             Slain by a gnoll
             ... wielding a +0 spear
              (3 damage)
             ... on level 2 of the Dungeon.
             The game lasted 00:01:41 (1033 turns).

Asceticacid the Shield-Bearer (Gnoll Fighter)       Turns: 1033, Time: 00:01:41

Health: 0/47       AC:  7    Str: 16    XL:     5   Next: 2%
Magic:  6/7        EV:  9    Int:  7    God:
Gold:   17         SH:  5    Dex: 13    Spells: 6/6 levels left

rFire   . . .        a - +0 flail
rCold   . . .        c - +0 buckler
rNeg    . . .        b - +0 scale mail
rPois   .            (no helmet)
rElec   .            (no cloak)
rCorr   .            (no gloves)
SInv    .            (no boots)
Will    .....        (no amulet) Stlth
                     (no ring)
HPRegen 0.27/turn    (no ring)
MPRegen 0.10/turn

%: no passive effects
@: no status effects
A: fangs 1, strong nose, distributed training
a: no special abilities


You were on level 2 of the Dungeon.
You visited 1 branch of the dungeon, and saw 2 of its levels.

You collected 61 gold pieces.
You spent 44 gold pieces at shops.

Inventory:

Hand Weapons
 a - a +0 flail (weapon)
 k - a +2 sling of flaming
Armour
 b - a +0 scale mail (worn)
 c - a +0 buckler (worn)
Talismans
 i - a serpent talisman
Wands
 l - a wand of flame (15)
Scrolls
 e - a scroll of poison {unknown}
 f - a scroll of fear {unknown}
 j - 2 scrolls of identify
 m - a scroll of noise {unknown}
Potions
 d - a potion of might
 g - a potion of haste
 h - 2 potions of curing


   Skills:
 + Level 6.6 Fighting
 + Level 1.4 Short Blades
 + Level 1.4 Long Blades
 + Level 1.4 Axes
 + Level 4.7 Maces & Flails
 + Level 1.4 Polearms
 + Level 1.4 Staves
 + Level 1.4 Ranged Weapons
 + Level 1.4 Throwing
 + Level 6.6 Armour
 + Level 1.4 Dodging
 + Level 1.4 Stealth
 + Level 6.6 Shields
 + Level 1.4 Unarmed Combat
 + Level 1.4 Spellcasting
 + Level 1.1 Conjurations
 + Level 1.1 Hexes
 + Level 1.1 Summonings
 + Level 1.1 Necromancy
 + Level 1.1 Translocations
 + Level 1.1 Fire Magic
 + Level 1.1 Ice Magic
 + Level 1.1 Air Magic
 + Level 1.1 Earth Magic
 + Level 1.1 Alchemy
 + Level 1.5 Invocations
 + Level 1.4 Evocations
 + Level 1.2 Shapeshifting


You had 6 spell levels left.
You didn't know any spells.
Your spell library contained the following spells:

 Spells                   Type           Power      Damage    Failure   Level
 Static Discharge         Conj/Air       4%         3-4/arc   83%         2
 Dazzling Flash           Conj/Hex       4%         N/A       97%         3
 Hailstorm                Conj/Ice       2%         3d5       97%         3
 Mephitic Cloud           Conj/Alch/Air  2%         N/A       97%         3
 Summon Ice Beast         Ice/Summ       2%         N/A       97%         3
 Airstrike                Air            1%         2d(1-17)  100%        4
 Summon Lightning Spire   Summ/Air       2%         N/A       100%        4
 Curse of Agony           Necr           2%         N/A       100%        5
 Silence                  Hex/Air        1%         N/A       100%        5
 Sculpt Simulacrum        Ice/Alch       1%         N/A       100%        6


Dungeon Overview and Level Annotations

Branches:
Dungeon (2/15)

Altars:

Shops:
D:2 ?


Innate Abilities, Weirdness & Mutations

You have very sharp teeth.
Your uncanny sense of smell can sniff out nearby items.
Your experience applies equally to all skills.


Message History

You are too injured to fight recklessly!
You are too injured to fight recklessly!
You are too injured to fight recklessly!
You are too injured to fight recklessly!
You are too injured to fight recklessly!
You are too injured to fight recklessly!
You are too injured to fight recklessly!
You are too injured to fight recklessly!
You are too injured to fight recklessly!
You are too injured to fight recklessly!
You are too injured to fight recklessly!
You are too injured to fight recklessly!
The hobgoblin attacks as it pursues you!
The hobgoblin hits you.
* * * LOW HITPOINT WARNING * * *
A ball python comes into view.
The hobgoblin attacks as it pursues you!
The hobgoblin hits you.
* * * LOW HITPOINT WARNING * * *
You barely miss the hobgoblin. The hobgoblin closely misses you.
You sock the hobgoblin!
You kill the hobgoblin!
You don't know any spells.
Okay, then.
You sock the gnoll!
You kill the gnoll!
You block the gnoll's attack.
You have reached level 5!
The gnoll attacks as it pursues you!
The gnoll hits you from afar with a +0 spear.
* * * LOW HITPOINT WARNING * * *
You block the gnoll's attack.
You sock the gnoll!
The gnoll is severely wounded.
The gnoll hits you with a +0 spear!
* * * LOW HITPOINT WARNING * * *
You hit the gnoll.
The gnoll is severely wounded.
The gnoll hits you with a +0 spear.
You die...

#####.###
#........#
#..g###........#
#
###.S)..)......#
∆#
#####.########
#.# #g# #S# #g#
#@# #.# #.# #.#
#.. #.# ###


You could see 2 gnolls and a ball python.

Vanquished Creatures
  Natasha (twice) (D:2)
  2 gnolls (D:2)
  A dart slug (D:2)
  An endoplasm (D:2)
  2 giant cockroaches
  5 goblins
  5 hobgoblins
  6 jackals (D:1)
  5 quokkas
  2 ball pythons (D:2)
  4 bats (D:1)
  2 frilled lizards
  3 kobolds
  5 rats
45 creatures vanquished.

Notes
Turn   | Place    | Note
-------+----------+-------------------------------------------
     0 | D:1      | Asceticacid the Gnoll Fighter began the quest for the Orb.
     0 | D:1      | Reached XP level 1. HP: 23/23 MP: 1/1
    59 | D:1      | Reached XP level 2. HP: 20/29 MP: 2/2
   302 | D:1      | Reached XP level 3. HP: 33/35 MP: 3/3
   496 | D:2      | Reached skill level 1 in Invocations
   617 | D:2      | Noticed Natasha
   627 | D:2      | Killed Natasha
   628 | D:2      | Reached skill level 1 in Short Blades
   628 | D:2      | Reached skill level 1 in Long Blades
   628 | D:2      | Reached skill level 1 in Axes
   628 | D:2      | Reached skill level 1 in Polearms
   628 | D:2      | Reached skill level 1 in Staves
   628 | D:2      | Reached skill level 1 in Ranged Weapons
   628 | D:2      | Reached skill level 1 in Throwing
   628 | D:2      | Reached skill level 1 in Dodging
   628 | D:2      | Reached skill level 1 in Stealth
   628 | D:2      | Reached skill level 1 in Unarmed Combat
   628 | D:2      | Reached skill level 1 in Spellcasting
   628 | D:2      | Reached skill level 1 in Evocations
   628 | D:2      | Reached skill level 1 in Shapeshifting
   628 | D:2      | Reached XP level 4. HP: 26/41 MP: 5/5
   636 | D:2      | Noticed Natasha
   654 | D:2      | Killed Natasha
   655 | D:2      | Reached skill level 1 in Conjurations
   655 | D:2      | Reached skill level 1 in Hexes
   655 | D:2      | Reached skill level 1 in Summonings
   655 | D:2      | Reached skill level 1 in Necromancy
   655 | D:2      | Reached skill level 1 in Translocations
   655 | D:2      | Reached skill level 1 in Fire Magic
   655 | D:2      | Reached skill level 1 in Ice Magic
   655 | D:2      | Reached skill level 1 in Air Magic
   655 | D:2      | Reached skill level 1 in Earth Magic
   655 | D:2      | Reached skill level 1 in Alchemy
   917 | D:2      | Found The Oracle's Delphic Readings.
   921 | D:2      | Bought a scroll of identify for 22 gold pieces
   921 | D:2      | Bought a scroll of identify for 22 gold pieces
  1024 | D:2      | Reached XP level 5. HP: 11/47 MP: 5/7
  1033 | D:2      | Slain by a gnoll

Illustrated notes

Levels and vault maps discovered:
D:1:      minmay_arrival_up_and_down, layout_rooms, hangedman_decor_lopped
D:2:      minmay_evil_eye, layout_basic, nicolae_nh_oracle_at_delphi,
          uniq_natasha

Skill      XL: |  1  2  3  4 |
---------------+-------------+-----
Invocations    | 1 |  1.5
Short Blades   | 1 |  1.4
Long Blades    | 1 |  1.4
Axes           | 1 |  1.4
Polearms       | 1 |  1.4
Staves         | 1 |  1.4
Ranged Weapons | 1 |  1.4
Throwing       | 1 |  1.4
Dodging        | 1 |  1.4
Stealth        | 1 |  1.4
Unarmed Combat | 1 |  1.4
Spellcasting   | 1 |  1.4
Evocations     | 1 |  1.4
Shapeshifting  | 1 |  1.2
Conjurations   | 1 |  1.1
Hexes          | 1 |  1.1
Summonings     | 1 |  1.1
Necromancy     | 1 |  1.1
Translocations | 1 |  1.1
Fire Magic     | 1 |  1.1
Ice Magic      | 1 |  1.1
Air Magic      | 1 |  1.1
Earth Magic    | 1 |  1.1
Alchemy        | 1 |  1.1
Fighting       | |  6.6
Maces & Flails | |  4.7
Armour         | |  6.6
Shields        | |  6.6

Action                     |  1- 3 |  4- 6 || total
---------------------------+-------+-------++-------
  Melee: Flail             |    69 |    52 ||   121
         Bite              |     3 |     7 ||    10
   Fire: Sling             |     9 |       ||     9
    Use: Scroll            |       |     2 ||     2
 Armour: Scale mail        |    71 |    43 ||   114
  Dodge: Dodged            |    54 |    32 ||    86
  Block: Buckler           |    35 |    18 ||    53

Table legend: (Time is in decaauts)
 A = Elapsed time spent in this place.
 B = Non-inter-level travel time spent in this place.
 C = Inter-level travel time spent in this place.
 D = Time resting spent in this place.
 E = Time spent auto-exploring this place.
 F = Levels seen in this place.
 G = Mean time per level.
                   A        B        C        D        E       F      G
               +--------+--------+--------+--------+--------+-----+--------+
         Total |   1062 |   1034 |     28 |    136 |    554 |   2 |  531.0 |
       Dungeon |   1062 |   1034 |     28 |    136 |    554 |   2 |  531.0 |
               +--------+--------+--------+--------+--------+-----+--------+

Top non-repeatable levels by time:
     D:2: 591 daAuts
     D:1: 471 daAuts
